 Dungeon Crawl Stone Soup version 0.32-a0-673-g3729bd50f8 (webtiles) character file.

Game seed: 8885052969436887525

148 BubbleThief the Trooper (level 5, -3/57 HPs)
             Began as an Oni Gladiator on Mar 11, 2024.
             Slain by a mummy (11 damage)
             ... on level 4 of the Dungeon.
             The game lasted 00:04:07 (2398 turns).

BubbleThief the Trooper (Oni Gladiator)             Turns: 2398, Time: 00:04:08

Health: -3/57      AC:  3    Str: 18    XL:     5   Next: 30%
Magic:  5/5        EV: 10    Int:  9    God:
Gold:   150        SH:  0    Dex: 12    Spells: 4/4 levels left

rFire   . . .        a - +0 trident
rCold   + . .        (no shield)
rNeg    . . .        b - +0 robe
rPois   .            c - +0 hat
rElec   .            (no cloak)
rCorr   .            (gloves unavailable)
SInv    .            (boots unavailable)
Will    .....        k - amulet of the acrobat
Stlth   +            o - ring of protection from cold
HPRegen 0.29/turn    (no ring)
MPRegen 0.09/turn

%: acrobat
@: no status effects
A: large, unfitting armour, horns 1, tough skin 1, double potion healing,
drunken brawling
a: no special abilities


You were on level 4 of the Dungeon.
You visited 1 branch of the dungeon, and saw 4 of its levels.

You collected 151 gold pieces.
You spent 1 gold pieces at shops.

Inventory:

Hand Weapons
 a - a +0 trident (weapon)
 q - a -2 bardiche
Missiles
 d - 3 throwing nets (quivered)
 e - a large rock
Armour
 b - a +0 robe (worn)
 c - a +0 hat (worn)
Jewellery
 k - an amulet of the acrobat (around neck)
 o - a ring of protection from cold (left hand)
Wands
 r - a wand of digging (3)
Scrolls
 f - 2 scrolls of teleportation {unknown}
 g - 3 scrolls of identify {unknown}
 i - a scroll of fear {unknown}
 j - a scroll of summoning {unknown}
 s - 3 scrolls of poison {unknown}
Potions
 h - 2 potions of ambrosia {unknown}
 l - a potion of enlightenment {unknown}
 m - a potion of attraction {unknown}
 n - a potion of cancellation {unknown}
 p - a potion of might {unknown}


   Skills:
 + Level 5.3 Fighting
 + Level 4.6 Polearms
 - Level 2.0 Throwing
 - Level 2.6 Dodging


You had 4 spell levels left.
You didn't know any spells.
Your spell library contained the following spells:

 Spells                   Type           Power      Damage    Failure   Level
 Kiss of Death            Conj/Necr      0%         2d5       38%         1
 Ensorcelled Hibernation  Hex/Ice        0%         N/A       52%         2
 Passwall                 Erth           0%         N/A       77%         3
 Swiftness                Air            0%         N/A       77%         3


Dungeon Overview and Level Annotations

Branches:
Dungeon (3/15)

Altars:
Elyvilon
Trog

Shops:
D:4 *

Annotations:
D:2 Sigmund
D:4 2 transporters, Edmund; TheBioAlchemist's ghost, amateur OnWr


Innate Abilities, Weirdness & Mutations

You are too large for most types of armour.
You have a pair of small horns on your head.
You have tough skin. (AC +1)
You gain doubled healing and magic from potions.
Whenever you drink a healing potion, you attack all around you.


Message History

No target in view!
No target in view!
No target in view!
A mummy comes into view.
You hit the mummy.
The mummy is lightly damaged.
The mummy closely misses you.
You barely miss the mummy. You headbutt the mummy.
The mummy is moderately damaged.
You hit the mummy.
The mummy is moderately damaged.
The mummy hits you!
You barely miss the mummy.
The mummy is moderately damaged.
The mummy hits you!
You are too injured to fight recklessly!
You are too injured to fight recklessly!
You hit the mummy.
The mummy is severely damaged.
You barely miss the mummy.
The mummy is severely damaged.
The mummy barely misses you.
You barely miss the mummy. Your headbutt misses the mummy.
The mummy is severely damaged.
The mummy misses you.
You hit the mummy.
The mummy is severely damaged.
You barely miss the mummy.
The mummy is severely damaged.
The mummy barely misses you.
You barely miss the mummy.
The mummy is severely damaged.
You barely miss the mummy.
The mummy is severely damaged.
The mummy hits you!!
* * * LOW HITPOINT WARNING * * *
You hit the mummy.
The mummy is almost destroyed.
The mummy hits you!
You die...

#.#. #####..#
#...#..##
###########...#.#..
####........##...#OO..
#...........##...#####
#...........##........
#..######...##........
#..#.@M.#.............
#.....#.#.........>...
#.....# #.#...........
##.#..# #.#...........
#.#### #.#...........
#.. ..#........... ###
.##...........
............
#############


You could see a mummy.

Vanquished Creatures
  A hound (D:4)
  3 adders
  2 ribbon worms (D:2)
  A dart slug (D:1)
  5 orcs
  8 endoplasms
  4 giant cockroaches
  9 goblins
  5 hobgoblins
  7 jackals
  5 quokkas
  5 ball pythons
  2 bats
  2 frilled lizards (D:1)
  2 hobgoblin zombies (D:4)
  4 kobolds
  2 orc zombies (D:4)
  3 rats
70 creatures vanquished.

Notes
Turn   | Place    | Note
-------+----------+-------------------------------------------
     0 | D:1      | BubbleThief the Oni Gladiator began the quest for the Orb.
     0 | D:1      | Reached XP level 1. HP: 22/22 MP: 1/1
    26 | D:1      | Reached skill level 3 in Fighting
    71 | D:1      | Reached XP level 2. HP: 29/31 MP: 2/2
   108 | D:1      | Found a faded altar of an unknown god.
   131 | D:1      | Got Plato's Tome of Blasted Black Magic
   415 | D:1      | Reached XP level 3. HP: 39/39 MP: 3/3
   955 | D:2      | Reached skill level 4 in Fighting
  1015 | D:2      | Reached XP level 4. HP: 42/48 MP: 4/4
  1558 | D:2      | Noticed Sigmund
  2040 | D:3      | Found a white marble altar of Elyvilon.
  2045 | D:3      | You fall into a shaft and drop 1 floor!
  2045 | D:4      | Found Wiyvys's Lightly-Used Armoury.
  2054 | D:4      | Bought a -2 bardiche for 1 gold piece
  2073 | D:4      | Reached skill level 5 in Fighting
  2073 | D:4      | Reached XP level 5. HP: 57/57 MP: 5/5
  2273 | D:4      | Found a bloodstained altar of Trog.
  2318 | D:4      | Noticed Edmund
  2341 | D:4      | Found a transporter.
  2341 | D:4      | Found a transporter.
  2341 | D:4      | Noticed an ogre
  2341 | D:4      | Noticed TheBioAlchemist's ghost (amateur OnWr)
  2343 | D:4      | Noticed an ogre
  2398 | D:4      | Slain by a mummy

Illustrated notes

Levels and vault maps discovered:
D:1:      roderic_crop_circles_arrival_small, layout_basic,
          shapermc_ecumenical_altar_rom_forum
D:2:      layout_loops_corners, uniq_sigmund
D:3:      layout_basic, nicolae_elyvilon_peaceful_grove, okawaru_gym_becter,
          amcnicky_mini_corridor_feature, uniq_robin
D:4:      layout_basic, nicolae_overflow_crystal_walls,
          kennysheep_orc_sif_temple, gammafunk_ghost_smash,
          hangedman_abyss_or_decor_lesser_grid, minmay_shop_damaged,
          minmay_parallelograms, minmay_mini_ossuary, uniq_edmund

Skill      XL: |  1  2  3  4 |
---------------+-------------+-----
Fighting       | 3 4 5 |  5.3
Polearms       | 4 |  4.6
Throwing       | |  2.0
Dodging        | |  2.6

Action                     |  1- 3 |  4- 6 || total
---------------------------+-------+-------++-------
  Melee: Trident           |    77 |   123 ||   200
         Headbutt          |     5 |    16 ||    21
   Stab: Sleeping          |     3 |     1 ||     4
 Armour: Robe              |    31 |    62 ||    93
  Dodge: Dodged            |    22 |    46 ||    68

Table legend: (Time is in decaauts)
 A = Elapsed time spent in this place.
 B = Non-inter-level travel time spent in this place.
 C = Inter-level travel time spent in this place.
 D = Time resting spent in this place.
 E = Time spent auto-exploring this place.
 F = Levels seen in this place.
 G = Mean time per level.
                   A        B        C        D        E       F      G
               +--------+--------+--------+--------+--------+-----+--------+
         Total |   2417 |   2330 |     87 |      0 |   1852 |   4 |  604.2 |
       Dungeon |   2417 |   2330 |     87 |      0 |   1852 |   4 |  604.2 |
               +--------+--------+--------+--------+--------+-----+--------+

Top non-repeatable levels by time:
     D:1: 965 daAuts
     D:2: 637 daAuts
     D:3: 459 daAuts
     D:4: 355 daAuts
